 Dungeon Crawl Stone Soup version 0.28.0-47-ge53b351184 (webtiles) character file.

Game seed: 14586838105024790591

7448 Zeld the Cleaver (level 10, -10/145 HPs)
             Began as a Minotaur Berserker on Apr 28, 2022.
             Was a Priest of Trog.
             Killed from afar by an acid dragon (12 damage)
             ... with a splash of acid
             ... on level 8 of the Dungeon.
             The game lasted 00:08:44 (12893 turns).

Zeld the Cleaver (Minotaur Berserker)              Turns: 12893, Time: 00:08:44

Health: -10/145    AC: 20    Str: 30    XL:     10   Next: 93%
Magic:  9/9        EV: 10    Int:  7    God:    Trog [***...]
Gold:   291        SH:  0    Dex: 10    Spells: 9/9 levels left

rFire   . . .      SeeInvis .   n - +3 mace "Tuukal" {freeze, Will+ Str+4 Int+3}
rCold   . . .      Faith    .   (no shield)
rNeg    . . .      Spirit   .   b - +0 plate armour
rPois   .          Reflect  .   (helmet restricted)
rElec   .          Harm     .   g - +2 cloak
rCorr   .          Rampage  .   (no gloves)
Will    ++...                   h - +2 pair of boots
Stlth   ..........              (no amulet)
HPRegen 0.34/turn               k - ring of willpower
MPRegen 0.11/turn               (no ring)

@: berserking (expiring), very quick
A: horns 2, retaliatory headbutt
a: Renounce Religion, Berserk, Trog's Hand


You were on level 8 of the Dungeon.
You worshipped Trog.
Trog was most pleased with you.
You visited 2 branches of the dungeon, and saw 9 of its levels.

You collected 445 gold pieces.
You spent 154 gold pieces at shops.

Inventory:

Hand Weapons
 a - a +0 battleaxe of draining
 n - the +3 mace "Tuukal" (weapon) {freeze, Will+ Str+4 Int+3}
   (You found it on level 4 of the Dungeon)

   It freezes those it strikes, dealing additional cold damage.
   It can also slow down cold-blooded creatures.
   Str:       It affects your strength (+4).
   Int:       It affects your intelligence (+3).
   Will:      It increases your willpower.
Armour
 b - a +0 plate armour (worn)
 g - a +2 cloak (worn)
 h - a +2 pair of boots (worn)
Jewellery
 k - a ring of willpower (left hand)
Wands
 q - a wand of charming (5)
 u - a wand of digging (1)
Scrolls
 c - a scroll of blinking
 i - a scroll of holy word
 l - 2 scrolls of magic mapping
 s - 3 scrolls of teleportation
Potions
 d - a potion of invisibility {unknown}
 e - 7 potions of curing
 f - a potion of cancellation {unknown}
 j - 4 potions of flight
 m - 3 potions of attraction {unknown}
 o - 3 potions of lignification {unknown}
 p - 4 potions of haste {unknown}
 r - 2 potions of heal wounds {unknown}
 v - a potion of berserk rage {unknown}


   Skills:
 * Level 12.2 Fighting
 * Level 12.2 Axes
 + Level 8.6 Armour
 + Level 7.8 Dodging


You had 9 spell levels left.
You didn't know any spells.
Your spell library was empty.

Dungeon Overview and Level Annotations

Branches:
Dungeon (8/15)             Temple (1/1) D:7
   Lair: D:8-11

Altars:
Ashenzari
Cheibriados
Dithmenos
Elyvilon
Fedhas
Gozag
Hepliaklqana
Kikubaaqudgha
Makhleb
Nemelex Xobeh
Okawaru
Qazlal
Ru
Uskayaw
Vehumet
Wu Jian
Xom
Yredelemnul
Zin

Shops:
D:3 (   D:5 ?

Annotations:
D:7 2 transporters


Innate Abilities, Weirdness & Mutations

You have a pair of horns on your head.
You reflexively headbutt those who attack you in melee.


Message History

The death knight closely misses you.
Unknown command.
You bludgeon the death knight!! You freeze the death knight.
The death knight is moderately wounded.
The death knight reflects your damage back at you!
You sock the death knight! You freeze the death knight.
The death knight is heavily wounded.
The death knight reflects your damage back at you!
The death knight barely misses you.
You barely miss the death knight. You headbutt the death knight!
The death knight is heavily wounded.
The death knight reflects your damage back at you!
The death knight hits you with a +0 glaive.
Unknown command.
You are too injured to fight recklessly!
You are too injured to fight recklessly!
You are too injured to fight recklessly!
You hit the death knight. You freeze the death knight.
The death knight is severely wounded.
The death knight reflects your damage back at you!
You bludgeon the death knight!! You freeze the death knight!
The death knight is almost dead.
The death knight reflects your damage back at you!
The death knight hits you with a +0 glaive!
* * * LOW HITPOINT WARNING * * *
Unknown command.
You closely miss the death knight.
The death knight is almost dead.
The death knight hits you with a +0 glaive!!
* * * LOW HITPOINT WARNING * * *
Unknown command.
You thump the death knight! You freeze the death knight.
You kill the death knight!
Trog accepts your kill.
Your damage is reflected back at you!
* * * LOW HITPOINT WARNING * * *
You barely miss the acid dragon. The acid dragon spits acid at you.
The splash of acid hits you!
You die...

..(....................#.#
####
.........##.##.#######...#
.#.#..###....#.#Pc [P#...#
.#.......#.##..#.#+#.#.###
.####.#...####(#D#)#.#.#
.#.#.#.##.###..#.###.#.#
.##..##.####...# ...P#.#
..#...)[...###.###'###.#
..####....#..#..@D.....## #
.#.####..#.##.##)###.#..####
.
........#.#..#...##.#[.....#
.
..###.##.#.#####..####.###.#
# ........#..#(...#.#..#.#
#.# ..##(###...##.##..#.##.#
#.# ###
.........#####.........# #.#
#.# .###+###.#.#.#.#######.#
#.# #.# .#
#.##..#.#P...P#.###)## #.#


You could see an acid dragon (catching breath).

Vanquished Creatures
  A hydra (D:8)
  A centaur warrior (D:8)
  2 death knights (D:8)
  A two-headed ogre (D:5)
  A troll (D:8)
  Grinder (D:3)
  Prince Ribbit (D:5)
  Sigmund (D:3)
  A wyvern (D:8)
  Menkaure (D:4)
  3 water moccasins
  Duvessa (D:6)
  A hornet zombie (D:8)
  An orc warrior (D:8)
  A sky beast (D:8)
  A black bear (D:6)
  2 ice beasts
  2 necrophages
  A phantom (D:5)
  A centaur (D:6)
  Blork the orc (D:6)
  3 kobold brigands
  A gnoll sergeant (D:6)
  2 scorpions (D:6)
  A bullfrog (D:7)
  2 water moccasin zombies
  Dowan (D:6)
  11 wights
  A howler monkey (D:4)
  2 centaur zombies (D:8)
  A jelly (D:7)
  An orc priest (D:6)
  Crazy Yiuf (D:4)
  A centaur skeleton (D:7)
  4 hounds
  7 iguanas
  Ijyb (D:4)
  10 orc wizards
  8 gnolls (D:7)
  2 howler monkey skeletons
  5 adders
  3 shadow imps
  A white imp (D:7)
  An adder skeleton (D:4)
  3 dart slugs
  14 orcs
  5 bats
  6 endoplasms
  4 giant cockroaches
  8 goblins
  5 hobgoblins
  9 jackals
  5 quokkas
  7 ball pythons
  2 frilled lizards (D:1)
  14 kobolds
  2 rats (D:1)
180 creatures vanquished.

Vanquished Creatures (others)
  2 plants (D:8)
2 creatures vanquished.

Grand Total: 182 creatures vanquished

Notes
Turn   | Place    | Note
-------+----------+-------------------------------------------
     0 | D:1      | Zeld the Minotaur Berserker began the quest for the Orb.
     0 | D:1      | Reached XP level 1. HP: 19/19 MP: 0/0
     1 | D:1      | Found a runed translucent door.
   267 | D:1      | Reached XP level 2. HP: 25/27 MP: 1/1
   591 | D:1      | Found a faded altar of an unknown god.
   744 | D:1      | Reached XP level 3. HP: 33/33 MP: 2/2
   946 | D:1      | Reached ** piety under Trog
  2498 | D:3      | Reached XP level 4. HP: 30/41 MP: 3/3
  2830 | D:3      | Noticed Grinder
  2830 | D:3      | Paralysed by Grinder for 3 turns
  2836 | D:3      | Paralysed by Grinder for 5 turns
  2846 | D:3      | Paralysed by Grinder for 6 turns
  2855 | D:3      | Killed Grinder
  2856 | D:3      | Reached skill level 5 in Fighting
  2856 | D:3      | Reached skill level 5 in Axes
  2856 | D:3      | Reached XP level 5. HP: 15/48 MP: 4/4
  2856 | D:3      | Reached XP level 6. HP: 17/56 MP: 5/5
  3371 | D:3      | Found Nohur's Antique Weapon Shop.
  3401 | D:3      | Found a sacrificial altar of Ru.
  3403 | D:3      | Found a shadowy altar of Dithmenos.
  3506 | D:3      | Found a burning altar of Makhleb.
  3583 | D:3      | Noticed Sigmund
  3594 | D:3      | Killed Sigmund
  3846 | D:4      | Found an iron altar of Okawaru.
  4012 | D:4      | Reached XP level 7. HP: 20/63 MP: 6/6
  4602 | D:4      | Noticed Menkaure
  4609 | D:4      | Killed Menkaure
  4837 | D:4      | Identified the +3 mace "Tuukal" {freeze, Will+ Str+4 Int+3}
  4838 | D:4      | Found a runed translucent door.
  4839 | D:4      | Noticed Crazy Yiuf
  5042 | D:4      | Noticed Ijyb
  5063 | D:4      | Killed Ijyb
  5443 | D:4      | Killed Crazy Yiuf
  5508 | D:5      | Entered Level 5 of the Dungeon
  5725 | D:5      | Noticed Prince Ribbit
  5739 | D:5      | Killed Prince Ribbit
  5740 | D:5      | Reached skill level 5 in Armour
  5740 | D:5      | Reached XP level 8. HP: 56/73 MP: 7/7
  6177 | D:5      | Noticed a two-headed ogre
  6188 | D:5      | Killed a two-headed ogre
  6189 | D:5      | Reached skill level 5 in Dodging
  6192 | D:5      | Reached XP level 9. HP: 52/82 MP: 8/8
  6479 | D:5      | Found Beresywi's Magic Scroll Shop.
  6485 | D:5      | Bought a scroll of identify for 22 gold pieces
  6485 | D:5      | Bought a scroll of identify for 22 gold pieces
  6485 | D:5      | Bought a scroll of identify for 22 gold pieces
  6485 | D:5      | Bought a scroll of identify for 22 gold pieces
  6485 | D:5      | Bought a scroll of teleportation for 33 gold pieces
  6485 | D:5      | Bought a scroll of teleportation for 33 gold pieces
  7115 | D:6      | Reached *** piety under Trog
  7816 | D:6      | Noticed Dowan
  7818 | D:6      | Noticed Duvessa
  7825 | D:6      | Killed Dowan
  7829 | D:6      | Killed Duvessa
  8072 | D:6      | Found a radiant altar of Vehumet.
  8432 | D:6      | Noticed Blork the orc
  8440 | D:6      | Killed Blork the orc
  8586 | D:6      | Found a white marble altar of Elyvilon.
  8647 | D:6      | Found a shimmering altar of Xom.
  8690 | D:6      | Found a blossoming altar of Fedhas.
  8743 | D:6      | Reached skill level 10 in Fighting
  8743 | D:6      | Reached skill level 10 in Axes
  9441 | D:7      | Found a transporter.
  9444 | D:7      | Noticed a kobold demonologist
  9510 | D:7      | Found a transporter.
  9947 | D:7      | Found a staircase to the Ecumenical Temple.
  9962 | Temple   | Entered the Ecumenical Temple
 10443 | D:7      | HP: 6/127 [necrophage (3)]
 11211 | D:8      | Reached XP level 10. HP: 80/94 MP: 9/9
 12033 | D:8      | Found a broken altar of Ashenzari.
 12563 | D:8      | Noticed a death knight
 12576 | D:8      | Killed a death knight
 12871 | D:8      | Noticed a centaur warrior
 12871 | D:8      | Noticed a six-headed hydra
 12871 | D:8      | Noticed a death knight
 12880 | D:8      | Killed a six-headed hydra
 12884 | D:8      | Killed a centaur warrior
 12891 | D:8      | HP: 4/145 [death knight/+0 glaive (28)]
 12892 | D:8      | Killed a death knight
 12892 | D:8      | HP: 1/145 [mirror damage (3)]
 12893 | D:8      | Killed from afar by an acid dragon

Illustrated notes

Levels and vault maps discovered:
D:1:      dpeg_arrival_caged_fury, layout_loops_ring,
          hellmonk_ecumenical_altar_dog_temple
D:2:      layout_basic, minmay_stone_trees_medium, hangedman_decor_growths
D:3:      layout_loops_ring, mainiacjoe_overflow_alcove_4, jmf_multi_god_temple,
          serial_shops, nicolae_shop_hallway_plus, hangedman_decor_riveting,
          kennysheep_generic_room_2, uniq_sigmund, uniq_grinder
D:4:      cheibrodos_helix_gallery, layout_gridville,
          mainiacjoe_overflow_24_doors, uniq_crazy_yiuf_cottage, uniq_menkaure,
          uniq_ijyb
D:5:      layout_basic, serial_shops, shop, st_stairs_9, uniq_prince_ribbit1
D:6:      layout_loops_ring, lemuel_crystal_altar,
          mainiacjoe_overflow_concentric_impassable, pf_just_have_faith,
          fiery_altar_vehumet, roderic_roman_lattice, grunt_ministairs_1,
          minmay_misc_feat_diagonals, uniq_duvessa, uniq_blork_the_orc
D:7:      gammafunk_wand_slinger, layout_basic, minmay_temple_entry_large_hall
D:8:      layout_loops_ring, nicolae_overflow_hidden_temple, minitemple,
          minmay_shattered_shrine
Temple:   dpeg_chambers_temple

Skill      XL: |  1  2  3  4  5  6  7  8  9 10 |
---------------+-------------------------------+-----
Fighting       | 4 5 6 7 8 10 12 | 12.2
Axes           | 4 5 6 7 8 10 12 | 12.2
Armour         | 3 4 5 6 7 8 |  8.6
Dodging        | 3 4 5 6 7 |  7.8

Action                   |  1- 3 |  4- 6 |  7- 9 | 10-12 || total
-------------------------+-------+-------+-------+-------++-------
Melee: Hand axe          |    92 |    84 |    21 |       ||   197
       Headbutt          |     8 |    10 |    35 |    19 ||    72
       Punch             |       |     1 |     2 |       ||     3
       Mace              |       |       |   237 |    89 ||   326
Invok: Trog's Hand       |     1 |     1 |       |     1 ||     3
       Berserk           |       |     3 |     9 |     3 ||    15
  Use: Scroll            |       |       |    10 |     3 ||    13
Armor: Animal skin       |    22 |    19 |    49 |    10 ||   100
       Plate armour      |       |       |       |    16 ||    16
Dodge: Dodged            |    65 |    33 |   153 |    66 ||   317
